 Dungeon Crawl Stone Soup version 0.29.1-13-g9f3cf754e1 (webtiles) character file.

Game seed: 17777380164480140235

4 Rikuski the Firebug (level 1, 0/10 HPs)
             Began as a Deep Elf Fire Elementalist on Jan 26, 2023.
             Slain by a quokka (3 damage)
             ... on level 1 of the Dungeon.
             The game lasted 00:03:19 (250 turns).

Rikuski the Firebug (Deep Elf Fire Elementalist)     Turns: 250, Time: 00:03:19

Health: 0/10       AC:  2    Str:  5    XL:     1   Next: 58%
Magic:  6/6        EV: 12    Int: 19    God:
Gold:   9          SH:  0    Dex: 15    Spells: 5/6 levels left

rFire   . . .      SeeInvis .   d - +0 hand axe
rCold   . . .      Faith    .   (no shield)
rNeg    . . .      Spirit   .   e - +0 robe
rPois   .          Reflect  .   (no helmet)
rElec   .          Harm     .   (no cloak)
rCorr   .          Rampage  .   (no gloves)
Will    .....                   (no boots)
Stlth   ++........              (no amulet)
HPRegen 0.03/turn               (no ring)
MPRegen 0.10/turn               (no ring)

@: no status effects
A: no striking features
a: no special abilities


You were on level 1 of the Dungeon.
You visited 1 branch of the dungeon, and saw 1 of its levels.

You collected 9 gold pieces.

Inventory:

Hand Weapons
 d - a +0 hand axe (weapon)
Armour
 a - a +0 robe
 e - a +0 robe (worn)
Scrolls
 f - a scroll of teleportation {unknown}
Potions
 b - a potion of magic
 c - a potion of lignification {unknown}


   Skills:
 + Level 2.5 Dodging
 + Level 2.4 Stealth
 + Level 3.2 Spellcasting
 + Level 1.1 Conjurations
 + Level 3.4 Fire Magic


You had 5 spell levels left.
You knew the following spells:

 Your Spells              Type           Power      Damage    Failure   Level
a - Foxfire               Conj/Fire      44%        2x1d6     6%          1

Your spell library contained the following spells:

 Spells                   Type           Power      Damage    Failure   Level
 Scorch                   Fire           32%        2d7       5%          2
 Conjure Flame            Conj/Fire      11%        6-21      17%         3
 Inner Flame              Hex/Fire       9%         N/A       22%         3
 Flame Wave               Conj/Fire      11%        2d6       50%         4


Dungeon Overview and Level Annotations

Branches:
Dungeon (1/15)

Altars:


Message History

The bush is moderately damaged.
You hit the bush.
The bush is moderately damaged.
You hit the bush but do no damage.
The bush is moderately damaged.
You hit the bush.
The bush is moderately damaged.
You hit the bush but do no damage.
The bush is moderately damaged.
You hit the bush.
The bush is moderately damaged.
You hit the bush but do no damage.
The bush is moderately damaged.
You hit the bush but do no damage.
The bush is moderately damaged.
You hit the bush.
The bush is moderately damaged.
You hit the bush but do no damage.
The bush is moderately damaged.
Found a stone staircase leading down.
A quokka comes into view.
A hobgoblin comes into view.
Found 14 gold pieces.
The helpless hobgoblin fails to defend itself.
You hit the hobgoblin.
The hobgoblin is severely wounded.
The hobgoblin hits you but does no damage.
You hit the hobgoblin.
You kill the hobgoblin!
You closely miss the quokka. The quokka bites you. x2
* * * LOW HITPOINT WARNING * * *
You miss the quokka. The quokka closely misses you.
Found a stone staircase leading down.
You are too injured to fight recklessly!
You barely miss the quokka. The quokka completely misses you.
The quokka misses you. The quokka barely misses you.
A giant cockroach comes into view.
The quokka bites you.
You die...

#.........# #####
##....♣.♣..#
######...###.....#.#.##
##.............###♣.♣.###
##..##.......#### ##.....#
#............# ###...P#..#
#............####.....P.P.#
....P.......>##.r..♣PP....#
.†..P..♣.♣.♣.♣#.@...♣♣♣P♣.#
††................P♣♣ ♣P.#
.......♣#♣#♣.♣.....P♣ #
........# ..##......P
......#..... ##........
......#..#... ........>#
......#..# ##....$.....B
.......#.. #..........
...........


You could see a quokka and a giant cockroach (asleep).

Vanquished Creatures
  2 hobgoblins (D:1)
  3 bats (D:1)
5 creatures vanquished.

Vanquished Creatures (others)
  9 foxfires (D:1)
  3 plants (D:1)
12 creatures vanquished.

Grand Total: 17 creatures vanquished

Notes
Turn   | Place    | Note
-------+----------+-------------------------------------------
     0 | D:1      | Rikuski the Deep Elf Fire Elementalist began the quest for
                  | the Orb.
     0 | D:1      | Reached XP level 1. HP: 10/10 MP: 6/6
   250 | D:1      | Slain by a quokka

Illustrated notes

Levels and vault maps discovered:
D:1:      minmay_arrival_solitary_statue, layout_rooms, basic_ecumenical_altar,
          serial_forest, infiniplex_forest_lined_2,
          infiniplex_forest_clump_curved, infiniplex_forest_zigzag_1,
          infiniplex_forest_straight_3, infiniplex_forest_lined_3,
          infiniplex_forest_clump_medium, infiniplex_forest_clump_tiny,
          infiniplex_forest_lined_ring, infiniplex_forest_clump_cross,
          infiniplex_forest_zigzag_2

Action                   || total
-------------------------++-------
Melee: Hand axe          ||    77
       Unarmed           ||    13
       Punch             ||     2
 Cast: Foxfire           ||     6
 Stab: Sleeping          ||     1
Armor: Robe              ||    12
Dodge: Dodged            ||    34
